[Event "Early-Titled-Tuesday-Blitz-April-23-2024"]
[Site "Chess.com"]
[Date "2024.04.23"]
[Round "9"]
[White "DenLaz"]
[Black "MatthewG-p4p"]
[Result "1-0"]
[WhiteElo "3108"]
[BlackElo "2898"]
[TimeControl "180+1"]
[EndTime "9:47:46 PDT"]
[Termination "DenLaz won by resignation"]

1. d4 Nf6 2. c4 c5 3. d5 e6 4. Nc3 exd5 5. cxd5 d6 6. Nf3 g6 7. h3 Bg7 8. Bf4 O-O 9. e3 Na6 10.
Bxa6 bxa6 11. Rc1 Re8 12. O-O Ne4 13. Nxe4 Rxe4 14. b3 a5 15. Nd2 Re8 16. Nc4 Bf8 17. Qd2 Ba6 18. Rfd1 Bxc4 19. Rxc4 Rb8 20. Qc2 Rb4 21.
a3 Rb5 22. a4 Rb4 23. e4 Qb6 24. Rxb4 Qxb4 25. f3 f5 26. Bd2 Qd4+ 27. Kh1 fxe4 28. Bc3 Qe3 29. Re1 Qf4 30. Rxe4 Rxe4 31. Qxe4 Qc1+ 32.
Qe1 Qxe1+ 33. Bxe1 Kf7 34. Bxa5 Kf6 35. Bc3+ Kf5 36. g3 Bh6 37. g4+ 1-0

[Event "Early-Titled-Tuesday-Blitz-April-23-2024"]
[Site "Chess.com"]
[Date "2024.04.23"]
[Round "9"]
[White "Abund"]
[Black "ReadySkate"]
[Result "0-1"]
[WhiteElo "2790"]
[BlackElo "2668"]
[TimeControl "180+1"]
[EndTime "9:47:46 PDT"]
[Termination "ReadySkate won by resignation"]

1. e4 c5 2. Nf3 d6 3. Bb5+ Nd7 4. c3 a6 5. Ba4 b5 6. Bc2 c4 7. b3 Bb7 8. bxc4 bxc4 9. Na3 Rc8 10.
Rb1 Ba8 11. Qe2 Qc7 12. Rb4 d5 13. exd5 Bxd5 14. Ba4 e6 15. Rxc4 Bxc4 16. Nxc4 Nf6 17. Nfe5 Bd6 18. Nxd6+ Qxd6 19. Nc4 Qc7 20. d3 O-O 21.
Ba3 Nc5 22. Bc2 Rfd8 23. O-O Nd5 24. d4 Nxc3 25. Qh5 N5e4 26. Ne5 Nf6 27. Qh4 Ne2+ 28. Kh1 Qxc2 29. Be7 Qc1 0-1

[Event "Early-Titled-Tuesday-Blitz-April-23-2024"]
[Site "Chess.com"]
[Date "2024.04.23"]
[Round "9"]
[White "czechbul17"]
[Black "adotand"]
[Result "0-1"]
[WhiteElo "2098"]
[BlackElo "2923"]
[TimeControl "180+1"]
[EndTime "9:47:51 PDT"]
[Termination "adotand won on time"]

1. d4 g6 2. c4 f6 3. h4 Nh6 4. Nc3 d6 5. e4 Nf7 6. Be2 c6 7. Be3 Na6 8. Qd2 e5 9. O-O-O h5 10. f4 Bh6 11. Nf3 Qe7 12. c5 exd4 13. Bxd4 dxc5 14. Be3 Nc7 15. e5 f5 16. Ng5 Bxg5 17. hxg5 Be6 18.
Bf3 Rd8 19. Qc2 O-O 20. Kb1 c4 21. Bxa7 Nd5 22. Nxd5 cxd5 23. Bd4 Ra8 24. Bc3 Qc5 25. Qd2 Rfd8 26. Bd4 Qb5 27. Bc3 Qa4 28. a3 Qb3 29. Kc1 d4 30. Bxd4 c3 31. Qc2 cxb2+ 32. Qxb2 Qc4+ 33.
Kb1 Qa4 34. Bc3 Qxf4 35. Rxd8+ Rxd8 36. Rc1 Nxg5 37. Qb3 Bxb3 0-1

[Event "Early-Titled-Tuesday-Blitz-April-23-2024"]
[Site "Chess.com"]
[Date "2024.04.23"]
[Round "9"]
[White "GelmanAlexander"]
[Black "JacksterThePro"]
[Result "1-0"]
[WhiteElo "2637"]
[BlackElo "2481"]
[TimeControl "180+1"]
[EndTime "9:47:56 PDT"]
[Termination "GelmanAlexander won on time"]

1. d4 Nf6 2. Nc3 d5 3. Bf4 c5 4. e3 cxd4 5. exd4 a6 6. Nf3 Bg4 7. h3 Bxf3 8. Qxf3 Nc6 9. O-O-O e6 10. g4 b5 11. g5 Nd7 12. h4 Nb6 13. h5 Be7 14.
Qg3 Rc8 15. Kb1 Nc4 16. Bxc4 bxc4 17. g6 fxg6 18. hxg6 h6 19. Rhe1 Qd7 20. Qg4 O-O 21.
Bg3 Rf5 22. Na4 c3 23. Nxc3 Bf6 24. Na4 Re8 25. Nc5 Qc8 26. Nxe6 Nxd4 27. Nxd4 Rxe1 28. Rxe1 Bxd4 29. Qxd4 1-0

[Event "Early-Titled-Tuesday-Blitz-April-23-2024"]
[Site "Chess.com"]
[Date "2024.04.23"]
[Round "9"]
[White "ImportedItalianMaple"]
[Black "guillembaches"]
[Result "1-0"]
[WhiteElo "2472"]
[BlackElo "2575"]
[TimeControl "180+1"]
[EndTime "9:48:00 PDT"]
[Termination "ImportedItalianMaple won on time"]

1. e4 c5 2. Nf3 d6 3. Bb5+ Bd7 4. Bxd7+ Qxd7 5. O-O Nf6 6. Qe2 Nc6 7. c3 e6 8. d4 cxd4 9. cxd4 d5 10. e5 Ne4 11.
Nc3 Nxc3 12. bxc3 Be7 13. Rd1 O-O 14. Rd3 Rac8 15. Ng5 Bxg5 16. Bxg5 Ne7 17. Rh3 h6 18. Qh5 Nf5 19. Bd2 Rc4 20. Qf3 Qe7 21. g4 Nh4 22.
Qg3 Ng6 23. f4 Qd7 24. Rf1 Ne7 25. f5 exf5 26. g5 hxg5 27. Qxg5 Ng6 28. Qh5 Rfc8 29.
Rxf5 b5 30. Qh7+ Kf8 31. Qxg6 b4 32. Rh8+ 1-0

[Event "Early-Titled-Tuesday-Blitz-April-23-2024"]
[Site "Chess.com"]
[Date "2024.04.23"]
[Round "9"]
[White "doctorcristian"]
[Black "stepanosinovsky"]
[Result "1-0"]
[WhiteElo "2582"]
[BlackElo "2371"]
[TimeControl "180+1"]
[EndTime "9:48:00 PDT"]
[Termination "doctorcristian won on time"]

1. d4 Nf6 2. Nc3 g6 3. e4 d5 4.
e5 Ne4 5. Nce2 h6 6. h4 c5 7.
f3 cxd4 8. fxe4 Nc6 9. Nxd4 Nxe5 10. Ngf3 Bg7 11. Bf4 dxe4 12. Nxe5 Bxe5 13. Bxe5 Qa5+ 14. c3 Qxe5 15. Bb5+ Kf8 16. O-O Kg7 17. Qb3 f5 18. Rad1 h5 19. Bc4 Qg3 20. Be6 Qxh4 21. Bxc8 Raxc8 22. Qxb7 Qf6 23. Ne6+ Qxe6 24. Rd7 Rce8 25. Qxa7 h4 26.
Qd4+ 1-0

[Event "Early-Titled-Tuesday-Blitz-April-23-2024"]
[Site "Chess.com"]
[Date "2024.04.23"]
[Round "9"]
[White "vladislavkovalev"]
[Black "temiksmozg"]
[Result "0-1"]
[WhiteElo "2850"]
[BlackElo "2695"]
[TimeControl "180+1"]
[EndTime "9:48:05 PDT"]
[Termination "temiksmozg won by resignation"]

1. e4 c5 2. Nf3 d6 3. Bb5+ Nd7 4.
O-O a6 5. Bd3 Ngf6 6. c3 e6 7.
Bc2 Be7 8. d4 cxd4 9. cxd4 h6 10. Nc3 e5 11. a4 b6 12. Re1 Bb7 13. d5 a5 14. Bd3 O-O 15. Be3 Nc5 16. Bxc5 bxc5 17.
Nd2 Ne8 18. Nc4 g6 19. Ra3 Ba6 20. Ne3 Bc8 21. Bb5 Ng7 22. Rb3 f5 23. Bc6 Ra6 24. Nc4 f4 25. Rb8 Qc7 26. Qb3 Bd8 27. Qb5 Ra7 28. Nxd6 Ba6 29. Rb7 Qxd6 30. Rxa7 Bxb5 31. Nxb5 Qf6 32. f3 c4 33. d6 Bb6+ 0-1

[Event "Early-Titled-Tuesday-Blitz-April-23-2024"]
[Site "Chess.com"]
[Date "2024.04.23"]
[Round "9"]
[White "Artem_Koval"]
[Black "DarZay"]
[Result "1-0"]
[WhiteElo "2547"]
[BlackElo "2327"]
[TimeControl "180+1"]
[EndTime "9:48:05 PDT"]
[Termination "Artem_Koval won by resignation"]

1. d4 d5 2. c4 e6 3. Nf3 Nf6 4. g3 Be7 5. Bg2 O-O 6. O-O dxc4 7. Qc2 a6 8. a4 Bd7 9. Rd1 Bc6 10. Nc3 Nbd7 11.
a5 b5 12. e4 b4 13. d5 exd5 14. Nxd5 Nxd5 15. exd5 Bb5 16. Nd4 Ne5 17. Be3 Nd3 18.
b3 cxb3 19. Nxb3 Bf6 20. Rxd3 Bxd3 21. Qxd3 Bxa1 22. Nxa1 Qd6 23. Nb3 Rfe8 24. h4 Qf6 25.
Bd4 Qg6 26. Qxg6 hxg6 27. d6 Re1+ 28. Kh2 Rc8 29. Bb7 cxd6 30. Bxc8 Rd1 31. Bxa6 Rb1 32.
Bc4 Rd1 33. a6 1-0

[Event "Early-Titled-Tuesday-Blitz-April-23-2024"]
[Site "Chess.com"]
[Date "2024.04.23"]
[Round "9"]
[White "KubaGepard"]
[Black "alpope"]
[Result "1-0"]
[WhiteElo "2613"]
[BlackElo "2516"]
[TimeControl "180+1"]
[EndTime "9:48:06 PDT"]
[Termination "KubaGepard won on time"]

1. d4 g6 2. e4 Bg7 3. Nc3 d6 4. Be3 a6 5. h4 h5 6. Nf3 b5 7. Ng5 Bb7 8. Bd3 Nd7 9. Qd2 e5 10. d5 Ngf6 11. f3 Nh7 12. a3 Nxg5 13. hxg5 Qe7 14.
O-O-O f6 15. gxf6 Bxf6 16. Ne2 h4 17. g3 Nf8 18. gxh4 Rxh4 19. Rxh4 Bxh4 20. Rh1 Bf6 21. Nc3 Bc8 22. Qg2 Bd7 23. Ne2 Rc8 24. Kb1 c5 25. dxc6 Rxc6 26. Nc3 Be6 27. Nd5 Qf7 28. f4 Bxd5 29.
exd5 Rc7 30. f5 gxf5 31. Bxf5 Rc4 32. Rf1 Qg7 33. Qe2 e4 34. Rg1 Qc7 35. Bc1 Be5 36.
Bxe4 Nd7 37. Bg6+ Kd8 38. Bd3 Rc5 39. Rg8+ Ke7 40. Bg5+ Nf6 41. Rg7+ 1-0

[Event "Early-Titled-Tuesday-Blitz-April-23-2024"]
[Site "Chess.com"]
[Date "2024.04.23"]
[Round "9"]
[White "JonasEilenberg"]
[Black "rikchessmx"]
[Result "1-0"]
[WhiteElo "2730"]
[BlackElo "2272"]
[TimeControl "180+1"]
[EndTime "9:48:06 PDT"]
[Termination "JonasEilenberg won by checkmate"]

1. d4 Nf6 2. c4 e6 3. Nc3 d5 4.
Bg5 c6 5. e3 Be7 6. Rc1 Qa5 7.
Nf3 Nbd7 8. Qc2 Bb4 9. cxd5 Nxd5 10. Bc4 N7b6 11. Bb3 Be7 12. Bxe7 Nxe7 13. O-O O-O 14.
Ne4 Nbd5 15. Nc5 Qc7 16. e4 Nf4 17. g3 Nfg6 18. Rfd1 Rd8 19. Nd3 Bd7 20. Nde5 Be8 21.
Kg2 Rac8 22. Nxg6 Nxg6 23. d5 exd5 24. exd5 Qb6 25. d6 c5 26. Qf5 Qc6 27. Bd5 Qd7 28.
Qh5 Qb5 29. Ng5 Nf8 30. Nxf7 g6 31. Nh6+ Kg7 32. Qg5 Bc6 33. Nf5+ Kh8 34. Qf6# 1-0

[Event "Early-Titled-Tuesday-Blitz-April-23-2024"]
[Site "Chess.com"]
[Date "2024.04.23"]
[Round "9"]
[White "JeFumeDesClopes"]
[Black "The_Sherman_Variation"]
[Result "1-0"]
[WhiteElo "2624"]
[BlackElo "2727"]
[TimeControl "180+1"]
[EndTime "9:48:08 PDT"]
[Termination "JeFumeDesClopes won by checkmate"]

1. e4 c5 2. Nc3 g6 3. d4 cxd4 4.
Qxd4 Nf6 5. Be3 Nc6 6. Qd2 Bg7 7. f3 O-O 8. O-O-O d6 9. Nge2 Bd7 10. h4 b5 11. h5 Be6 12. Bh6 b4 13. Nd5 Bxd5 14. exd5 Ne5 15. Bxg7 Kxg7 16. Nd4 Qa5 17.
hxg6 fxg6 18. Ne6+ Kg8 19. Kb1 Rfc8 20. f4 Nf7 21. f5 gxf5 22. Ng5 Qc5 23. Bd3 Qxd5 24. Nxf7 Kxf7 25. Rdf1 e6 26. g4 Nxg4 27. Rxh7+ Kg6 28.
Rfh1 Kf6 29. R1h6+ Nxh6 30. Qxh6+ Ke5 31. Qg7+ Kf4 32.
Rh4+ Ke3 33. Qg1+ Kf3 34. Rh3+ Kf4 35. Qg3# 1-0

[Event "Early-Titled-Tuesday-Blitz-April-23-2024"]
[Site "Chess.com"]
[Date "2024.04.23"]
[Round "9"]
[White "WiktoriaPOL"]
[Black "Statham_01"]
[Result "1-0"]
[WhiteElo "2420"]
[BlackElo "2560"]
[TimeControl "180+1"]
[EndTime "9:48:08 PDT"]
[Termination "WiktoriaPOL won by resignation"]

1. c4 e5 2. Nc3 Nf6 3. Nf3 e4 4. Ng5 c6 5. Ngxe4 Nxe4 6. Nxe4 d5 7. cxd5 cxd5 8. Nc3 d4 9. Ne4 Nc6 10. d3 Bf5 11. g3 h5 12. h4 Bb4+ 13. Bd2 Bxe4 14. dxe4 Qe7 15. Bg2 O-O-O 16. O-O Bxd2 17. Qxd2 f6 18.
Rac1 Kb8 19. Qc2 Rc8 20. Qb3 g5 21. hxg5 h4 22. gxh4 fxg5 23. Qg3+ Ka8 24. hxg5 d3 25. exd3 Nd4 26. Rxc8+ Rxc8 27. Qe3 Rd8 28. Rc1 a6 29. f4 Nf5 30. Qc5 Nd6 31. e5 Qf7 32. exd6 Qxf4 33.
Rf1 Qg3 34. Qb6 Qe3+ 35. Qxe3 1-0

[Event "Early-Titled-Tuesday-Blitz-April-23-2024"]
[Site "Chess.com"]
[Date "2024.04.23"]
[Round "9"]
[White "CristianS27"]
[Black "Flawless_Fighter"]
[Result "1-0"]
[WhiteElo "2573"]
[BlackElo "2707"]
[TimeControl "180+1"]
[EndTime "9:48:13 PDT"]
[Termination "CristianS27 won by resignation"]

1. e4 c6 2. d4 d5 3. exd5 cxd5 4. c4 Nf6 5. Nc3 e6 6. c5 Be7 7. Bd3 b6 8. b4 a5 9. Na4 bxc5 10. bxc5 Nbd7 11.
Nf3 O-O 12. Bf4 Nh5 13. Bg3 Ba6 14. O-O Nxg3 15. hxg3 Bxd3 16. Qxd3 Bf6 17. Rab1 Qc7 18. Nb6 Nxb6 19. Rxb6 Rfb8 20. Rfb1 Rxb6 21. Rxb6 g6 22. Qb5 Ra7 23. Rb8+ Kg7 24. Qe8 Qe7 25. Qg8+ Kh6 26. g4 g5 27. g3 a4 28. Kg2 Rb7 29.
c6 Rc7 30. Rb1 Bg7 31. Rh1+ Kg6 32. Qxh7+ Kf6 33. Rh6+ 1-0

[Event "Early-Titled-Tuesday-Blitz-April-23-2024"]
[Site "Chess.com"]
[Date "2024.04.23"]
[Round "9"]
[White "DvaHrasta"]
[Black "Levanzovsky"]
[Result "1-0"]
[WhiteElo "2430"]
[BlackElo "2499"]
[TimeControl "180+1"]
[EndTime "9:48:15 PDT"]
[Termination "DvaHrasta won by resignation"]

1. c4 e6 2. g3 d5 3. d4 Nf6 4. Nf3 Be7 5. Bg2 O-O 6. O-O a5 7. Qc2 c6 8. Nbd2 b6 9. e4 Ba6 10. e5 Ne4 11. b3 Nxd2 12. Bxd2 Nd7 13. Rac1 Rc8 14. h4 c5 15. dxc5 Nxc5 16. Rfd1 dxc4 17. Bg5 Nd3 18. bxc4 Bxc4 19. Bf1 Bxg5 20. Nxg5 h6 21. Ne4 Qd5 22. Nd6 Rc5 23. Nxc4 Rxc4 24. Qxc4 Nxc1 1-0

[Event "Early-Titled-Tuesday-Blitz-April-23-2024"]
[Site "Chess.com"]
[Date "2024.04.23"]
[Round "9"]
[White "AccioChess"]
[Black "kiwibobo"]
[Result "0-1"]
[WhiteElo "2425"]
[BlackElo "2322"]
[TimeControl "180+1"]
[EndTime "9:48:17 PDT"]
[Termination "kiwibobo won by resignation"]

1. e4 e5 2. Nf3 Nc6 3. d4 exd4 4. c3 d5 5. exd5 Qxd5 6. cxd4 Bg4 7. Nc3 Bb4 8. Be2 Bxf3 9. Bxf3 Qc4 10. Bxc6+ bxc6 11. Qe2+ Qxe2+ 12. Kxe2 O-O-O 13. Be3 Ne7 14. Rac1 Rhe8 15. a3 Ba5 16. Na4 Nf5 17. Kd3 Rd6 18.
g4 Nxe3 19. fxe3 Rde6 20. e4 Rxe4 21. Rxc6 Rxg4 22. Rhc1 Rh4 23. b4 Bb6 24. Nxb6+ axb6 25. Rxc7+ Kb8 26. Rxf7 Rh3+ 27. Kc2 Re2+ 28. Kd1 Rg2 29.
Rc6 Rxa3 30. Rxb6+ Ka8 0-1

[Event "Early-Titled-Tuesday-Blitz-April-23-2024"]
[Site "Chess.com"]
[Date "2024.04.23"]
[Round "9"]
[White "littlepinkyboy"]
[Black "PeshkaCh"]
[Result "0-1"]
[WhiteElo "2681"]
[BlackElo "2877"]
[TimeControl "180+1"]
[EndTime "9:48:19 PDT"]
[Termination "PeshkaCh won on time"]

1. e4 e5 2. Nf3 Nc6 3. Bb5 a6 4.
Ba4 Nge7 5. O-O Ng6 6. c3 d5 7. exd5 Qxd5 8. Bb3 Qd3 9. Ng5 Be7 10. Bxf7+ Kf8 11. Bxg6 hxg6 12. Qf3+ Bf5 13. Ne6+ Kg8 14. Nxc7 Qxf3 15. gxf3 Rf8 16. Nd5 Bd6 17. Re1 Bd3 18.
Re3 e4 19. fxe4 Ne5 20. f4 Bc5 21. Na3 Bxe3+ 22. dxe3 Nf3+ 23. Kg2 Bxe4 24. Ne7+ Kf7 0-1

[Event "Early-Titled-Tuesday-Blitz-April-23-2024"]
[Site "Chess.com"]
[Date "2024.04.23"]
[Round "9"]
[White "DumbKing75"]
[Black "Antosha_Chekhonte"]
[Result "0-1"]
[WhiteElo "2631"]
[BlackElo "2571"]
[TimeControl "180+1"]
[EndTime "9:48:20 PDT"]
[Termination "Antosha_Chekhonte won by resignation"]

1. e4 c6 2. d4 d5 3. exd5 cxd5 4. Nf3 Nc6 5. c3 Bg4 6. Bb5 Qb6 7. Ba4 e6 8. h3 Bh5 9. g4 Bg6 10. Ne5 Bd6 11.
Qb3 Ne7 12. Bf4 Qc7 13. Nxg6 hxg6 14. Be3 f5 15. Qc2 fxg4 16. h4 Nf5 17. Bg5 g3 18. f3 Bf4 19. Bxc6+ bxc6 20. Qg2 Ne3 21. Qg1 g2 22.
Rh3 0-1

[Event "Early-Titled-Tuesday-Blitz-April-23-2024"]
[Site "Chess.com"]
[Date "2024.04.23"]
[Round "9"]
[White "NikitaShnadrygin"]
[Black "Zohid6"]
[Result "1-0"]
[WhiteElo "2710"]
[BlackElo "2922"]
[TimeControl "180+1"]
[EndTime "9:48:21 PDT"]
[Termination "NikitaShnadrygin won by resignation"]

1. e4 e5 2. Nf3 Nf6 3. d4 Nxe4 4.
Bd3 Nc6 5. dxe5 d5 6. exd6 Nxd6 7.
Nc3 Be7 8. Nd5 O-O 9. O-O Be6 10. Nxe7+ Qxe7 11. Re1 f6 12. Bf4 Rfe8 13. c3 Rad8 14. Qc2 g6 15. h4 Qf7 16. Bxd6 Rxd6 17. Re3 Red8 18. b4 Ne7 19. Nd4 Nd5 20. Rxe6 Rxe6 21.
Nxe6 Qxe6 22. g3 Kg7 23. Rd1 Qc6 24. Be4 Qc4 25. Rd4 Nxb4 26. Rxc4 Nxc2 27. Rxc7+ Kh6 28. Bxc2 Rd2 29. Bb3 a5 30. Rxb7 a4 31. Bxa4 Rxa2 32.
Bc6 Rc2 33. Rb3 f5 34. Kg2 Rc1 35. Bd5 Kh5 36. Bf3+ Kh6 37. Bd5 Rd1 38. c4 Rc1 39. Rd3 Kg7 40. Kf3 Kf6 41. Re3 h5 42. Re6+ Kg7 43.
Re7+ Kh8 44. Kf4 Rc2 45. Kg5 Re2 46. Rxe2 1-0

[Event "Early-Titled-Tuesday-Blitz-April-23-2024"]
[Site "Chess.com"]
[Date "2024.04.23"]
[Round "9"]
[White "UK_23"]
[Black "Aleksandar-Topalov"]
[Result "1-0"]
[WhiteElo "2496"]
[BlackElo "2386"]
[TimeControl "180+1"]
[EndTime "9:48:22 PDT"]
[Termination "UK_23 won by resignation"]

1. e4 e6 2. d4 d5 3. e5 Ne7 4. Nf3 Qd7 5. a4 a5 6. Bb5 c6 7. Bd3 b6 8. c4 dxc4 9. Bxc4 Ba6 10. b3 Nd5 11. O-O Be7 12. h4 h6 13.
h5 O-O 14. Qe2 c5 15. Rd1 cxd4 16. Nxd4 Rd8 17. Nb5 Nc6 18. N1c3 Ncb4 19. Ne4 Qc6 20. Nd4 Qb7 21. Qg4 Kh8 22. Qf3 Kg8 23. Qg4 Kh8 24. Bb2 Rac8 25. Rac1 Na2 26. Ra1 Nab4 27.
Nd6 Bxd6 28. exd6 e5 29. Nf5 f6 30. Bxd5 Nxd5 31. Rxd5 1-0

[Event "Early-Titled-Tuesday-Blitz-April-23-2024"]
[Site "Chess.com"]
[Date "2024.04.23"]
[Round "9"]
[White "Balla_Tamas"]
[Black "Kyrko_Gamba"]
[Result "0-1"]
[WhiteElo "2524"]
[BlackElo "2442"]
[TimeControl "180+1"]
[EndTime "9:48:23 PDT"]
[Termination "Kyrko_Gamba won by checkmate"]

1. e4 c6 2. d4 d5 3. e5 c5 4.
dxc5 e6 5. Be3 Nh6 6. Bxh6 gxh6 7. Nf3 Bd7 8. c3 Bxc5 9. Nbd2 Nc6 10. Nb3 Be7 11. Nbd4 Qb6 12. Be2 Qxb2 13. O-O Qxc3 14. Rc1 Qa5 15. Qb3 Qb4 16. Qe3 Bg5 17. Nxg5 Qxd4 18.
Nxf7 Kxf7 19. Qxh6 Qxe5 20. Rfe1 Qf6 21. Bh5+ Ke7 22.
Qd2 Raf8 23. Bf3 Kd8 24. Kh1 Rhg8 25. Rb1 b6 26. Qe2 Nd4 27. Qa6 Nxf3 28. Re3 Nxh2 29. Qxa7 Qxf2 30. Qxb6+ Ke7 31. Rb2 Qf1+ 32. Kxh2 Qf4+ 33.
Kh1 Qd6 34. Qd4 Rf1# 0-1

[Event "Early-Titled-Tuesday-Blitz-April-23-2024"]
[Site "Chess.com"]
[Date "2024.04.23"]
[Round "9"]
[White "LawrenceTrent"]
[Black "DanyKopy"]
[Result "1-0"]
[WhiteElo "2719"]
[BlackElo "2555"]
[TimeControl "180+1"]
[EndTime "9:48:24 PDT"]
[Termination "LawrenceTrent won by resignation"]

1. Nc3 Nf6 2. e4 e5 3. Bc4 Nxe4 4. Qh5 Nd6 5. Bb3 Be7 6. Nf3 Nc6 7. h4 O-O 8. Ng5 h6 9. d3 Nd4 10. Qg6 Bxg5 11.
hxg5 Nxb3 12. Qh5 Nxa1 13. gxh6 g6 14. h7+ Kh8 15. Qxe5+ f6 16. Qg3 Qe8+ 17. Kd1 Nf5 18. Qh3 c6 19. b3 d5 20. Bb2 Nxc2 21. g4 Nce3+ 22. fxe3 Nxe3+ 23. Kd2 Nxg4 24. Re1 Ne5 25. Qh1 Qf7 26. Ne2 Bg4 27. Rf1 Rae8 28. Nf4 Qxh7 29. Qg2 Nf3+ 30. Kc2 Qh3 31. Nxh3 Bxh3 32. Qxh3+ Kg7 33. Qxf3 Re6 34. Rh1 Rfe8 35. Qf4 Re2+ 36. Kb1 Re1+ 37. Rxe1 Rxe1+ 38. Kc2 Re2+ 39. Kc1 Re1+ 40.
Kd2 Re6 41. Qc7+ Kh6 42. Qxb7 1-0

[Event "Early-Titled-Tuesday-Blitz-April-23-2024"]
[Site "Chess.com"]
[Date "2024.04.23"]
[Round "9"]
[White "yobdc"]
[Black "duone"]
[Result "0-1"]
[WhiteElo "2589"]
[BlackElo "2457"]
[TimeControl "180+1"]
[EndTime "9:48:24 PDT"]
[Termination "duone won by resignation"]

1. d4 Nf6 2. Nc3 d5 3. Bf4 c6 4. e3 e6 5. Nf3 Bd6 6. Bd3 O-O 7. O-O Qc7 8. Bg3 b6 9. e4 dxe4 10. Nxe4 Nxe4 11. Bxe4 Bb7 12. Ne5 Nd7 13. Re1 Nf6 14.
Bd3 c5 15. dxc5 bxc5 16. Nc4 Bxg3 17. hxg3 Rad8 18. Qe2 Qc6 19. f3 Rd4 20. g4 Qc7 21.
Qe5 Qd7 22. Rad1 Rd8 23. Qxc5 Rc8 24. Qxd4 Qxd4+ 25. Kh2 Qf4+ 26. Kg1 g6 27. Ne5 Rc5 28. Nc4 Rxc4 29. Bxc4 Qxc4 30. c3 Nd5 31. Rd4 Qc5 32. Kh2 Kg7 33. Red1 Ba6 34. R1d2 h5 35. gxh5 gxh5 36. Kg3 Qc7+ 37. Kf2 Kf6 38. c4 Bxc4 39. Rc2 Qb6 40. Rxc4 e5 0-1

[Event "Early-Titled-Tuesday-Blitz-April-23-2024"]
[Site "Chess.com"]
[Date "2024.04.23"]
[Round "9"]
[White "Dewarfd"]
[Black "carloseduar100"]
[Result "0-1"]
[WhiteElo "2088"]
[BlackElo "2210"]
[TimeControl "180+1"]
[EndTime "9:48:24 PDT"]
[Termination "carloseduar100 won on time"]

1. c4 e6 2. e4 d5 3. cxd5 exd5 4. exd5 Nf6 5. Nc3 Nxd5 6. d4 Nc6 7. Nf3 Be7 8. Bd3 O-O 9. O-O Bg4 10. h3 Bh5 11. Be2 Nf6 12. d5 Nb4 13. Bg5 Nbxd5 14. Nxd5 Qxd5 15.
Bxf6 Qxd1 16. Raxd1 Bxf6 17. Rd7 Bxb2 18. Rb1 Ba3 19.
Rxc7 b6 20. Bb5 Bxf3 21. gxf3 Rfc8 22. Rd7 a6 23. Ba4 b5 24. Bb3 Rf8 25. Rbd1 Bc5 26. Rc7 Bb6 27. Rb7 Rab8 28. Rdd7 Rxb7 29. Rxb7 Bd4 30.
Rd7 Bc3 31. Ra7 a5 32. Kg2 a4 33. Bd5 g6 0-1

[Event "Early-Titled-Tuesday-Blitz-April-23-2024"]
[Site "Chess.com"]
[Date "2024.04.23"]
[Round "9"]
[White "dvglko"]
[Black "ChessMA48"]
[Result "1-0"]
[WhiteElo "2441"]
[BlackElo "2277"]
[TimeControl "180+1"]
[EndTime "9:48:29 PDT"]
[Termination "dvglko won by checkmate"]

1. e4 e5 2. Nf3 Nc6 3. Bb5 a6 4. Ba4 Nf6 5. O-O Be7 6. Re1 b5 7. Bb3 d6 8. c3 O-O 9. h3 Bb7 10. d4 Re8 11. Nbd2 Bf8 12. Nf1 h6 13. Ng3 Qd7 14. Nh4 Rad8 15. Nhf5 exd4 16. cxd4 Na5 17. Bc2 Bxe4 18. Bxe4 Nxe4 19. Rxe4 Rxe4 20. Nxh6+ gxh6 21. Nxe4 Qf5 22. Qd3 Re8 23. Qg3+ Kh8 24. f3 Bg7 25. Kh1 Nc4 26. b3 Bxd4 27. Rb1 Ne5 28. Bxh6 d5 29. Qg7# 1-0

[Event "Early-Titled-Tuesday-Blitz-April-23-2024"]
[Site "Chess.com"]
[Date "2024.04.23"]
[Round "9"]
[White "KetiTsatsalashvili"]
[Black "Boxerandchessplayer"]
[Result "1-0"]
[WhiteElo "2429"]
[BlackElo "2239"]
[TimeControl "180+1"]
[EndTime "9:48:29 PDT"]
[Termination "KetiTsatsalashvili won by resignation"]

1. d4 d5 2. Nf3 e6 3. Bf4 Bd6 4. Bg3 Nf6 5. e3 O-O 6. Nbd2 c5 7. c3 Qc7 8. Bd3 Nbd7 9. Bh4 e5 10. dxe5 Nxe5 11. Nxe5 Bxe5 12. Nf3 Ne4 13. Nxe5 Qxe5 14. Bg3 Nxg3 15. hxg3 h6 16. Rh5 Qd6 17. Rxd5 Qb6 18. Qd2 Be6 19. Rd6 Qc7 20. O-O-O Bxa2 21. Bc2 c4 22.
Qd4 b6 23. Rh1 Bb3 24. Rdxh6 gxh6 25. Qg4+ 1-0

[Event "Early-Titled-Tuesday-Blitz-April-23-2024"]
[Site "Chess.com"]
[Date "2024.04.23"]
[Round "9"]
[White "Maxfan2008"]
[Black "platy3"]
[Result "1-0"]
[WhiteElo "2657"]
[BlackElo "2897"]
[TimeControl "180+1"]
[EndTime "9:48:31 PDT"]
[Termination "Maxfan2008 won on time"]

1. d4 Nf6 2. c4 e6 3. Nf3 d5 4. e3 a6 5. Nbd2 b6 6. b3 Bb7 7. Bb2 Bd6 8. Bd3 O-O 9. O-O Nbd7 10. Ne5 c5 11. Qe2 Qe7 12. cxd5 exd5 13. Ndf3 Ne4 14.
Nxd7 Qxd7 15. a4 Rfe8 16. Rfc1 Qe7 17. Rc2 Ng5 18. Nxg5 Qxg5 19. Qf3 Re7 20. Qf5 Qh6 21. g3 g6 22. Qg4 Rf8 23. Bf1 f5 24. Qf3 g5 25.
Bg2 f4 26. exf4 gxf4 27. Qg4+ Rg7 28. Qh3 Qg6 29. dxc5 Qxc2 30. Bxg7 Bxc5 31. Bxf8 Kxf8 32. Qh6+ 1-0

[Event "Early-Titled-Tuesday-Blitz-April-23-2024"]
[Site "Chess.com"]
[Date "2024.04.23"]
[Round "9"]
[White "koncheto"]
[Black "DanielNaroditsky"]
[Result "1-0"]
[WhiteElo "2649"]
[BlackElo "2984"]
[TimeControl "180+1"]
[EndTime "9:48:31 PDT"]
[Termination "koncheto won by checkmate"]

1. e4 Nf6 2. e5 Nd5 3. d4 d6 4. c4 Nb6 5. exd6 exd6 6. Nf3 Bg4 7. Be2 Be7 8. h3 Bh5 9. O-O O-O 10. Be3 Nc6 11.
b3 Bf6 12. Nc3 Re8 13. Rc1 h6 14. Qd2 d5 15. c5 Nd7 16. b4 Nf8 17. b5 Ne7 18. Bf4 Ne6 19. Be5 Bxf3 20. Bxf6 Bxe2 21. Bxe7 Qxe7 22. Nxe2 Qh4 23. Rfe1 Ng5 24. Ng3 g6 25. a4 Re6 26. Rxe6 Nxe6 27. Ne2 Re8 28. Rc3 Ng5 29. Re3 Re4 30. Rxe4 Qxe4 31. Nc3 Qf5 32.
Qe3 Ne6 33. g4 Qc2 34. Nxd5 Qxa4 35. Qxh6 Ng7 36. Nf6+ Kf8 37. Qh8+ Ke7 38. Qxg7 Qxb5 39. Nd5+ Kd8 40. Qxf7 Qc6 41. Qf8+ Kd7 42. Nf6+ Qxf6 43. Qxf6 a5 44. Qxg6 a4 45. Qb1 Kc6 46. d5+ Kxc5 47. Qxb7 Kd6 48. Qc6+ Ke5 49. Qxa4 c5 50. dxc6 Kd6 51.
Qf4+ Ke7 52. Qf5 Kd6 53. c7 Kc6 54. h4 Kb7 55. c8=Q+ Kb6 56. Qce6+ Kc7 57. Qff7+ Kd8 58. Qee8# 1-0

[Event "Early-Titled-Tuesday-Blitz-April-23-2024"]
[Site "Chess.com"]
[Date "2024.04.23"]
[Round "9"]
[White "Mikhail_Golubev"]
[Black "Kotofeyca"]
[Result "0-1"]
[WhiteElo "2588"]
[BlackElo "2518"]
[TimeControl "180+1"]
[EndTime "9:48:33 PDT"]
[Termination "Kotofeyca won on time"]

1. e4 c5 2. Nf3 d6 3. d4 cxd4 4. Nxd4 Nf6 5. Nc3 a6 6. Bc4 e6 7. Bb3 Be7 8. f4 b5 9. e5 dxe5 10. fxe5 Nd5 11. Nxd5 exd5 12. Qf3 Be6 13. Nxe6 fxe6 14.
O-O Kd7 15. a4 Rf8 16. Qg4 Qb6+ 17. Be3 Qxe3+ 18. Kh1 Qg5 19. Qxg5 Rxf1+ 20. Rxf1 Bxg5 21. Rf7+ Be7 22. Rxg7 h5 23. Rh7 h4 24. g4 Nc6 25. g5 Nxe5 26. c3 Rg8 27. Rh5 Bxg5 28. axb5 axb5 29. Kg2 Bc1+ 30. Kf1 Kd6 31. Rxh4 Bxb2 32.
Rh3 Rc8 33. Bd1 Rxc3 34. Rh6 Rc1 35. Ke2 b4 36. h4 Ng4 37. h5 Nxh6 38. Kd2 Rc7 0-1

[Event "Early-Titled-Tuesday-Blitz-April-23-2024"]
[Site "Chess.com"]
[Date "2024.04.23"]
[Round "9"]
[White "Airquake"]
[Black "Nemegejas"]
[Result "0-1"]
[WhiteElo "2659"]
[BlackElo "2814"]
[TimeControl "180+1"]
[EndTime "9:48:34 PDT"]
[Termination "Nemegejas won on time"]

1. b3 e5 2. Bb2 d6 3. e3 g6 4. Nf3 Bg7 5. Be2 c5 6. d4 exd4 7. exd4 Nc6 8. O-O Nge7 9. c3 cxd4 10. cxd4 O-O 11. Nc3 d5 12. Na4 Bg4 13. h3 Bxf3 14.
Bxf3 Nf5 15. Nc3 Ncxd4 16. Bxd5 Qa5 17. Bxb7 Rad8 18. Rc1 Rfe8 19. Ne4 Qb5 20. Bxd4 Nxd4 21. Bc6 Nxc6 22. Qg4 f5 23. Nf6+ Bxf6 0-1